 Dungeon Crawl Stone Soup version 0.25-a0-578-gc91f01c39c (webtiles) character file.

Game seed: 10057479481059110576, levelgen mode: deterministic

2 RedPan the Magician (level 1, -1/13 HPs)
             Began as a Gnoll Wanderer on Mar 6, 2020.
             Slain by a goblin
             ... wielding a +0 club
              (4 damage)
             ... on level 1 of the Dungeon.
             The game lasted 00:00:41 (164 turns).

RedPan the Magician (Gnoll Wanderer)                 Turns: 164, Time: 00:00:41

Health: -1/13      AC:  2    Str: 14    XL:     1   Next: 40%
Magic:  7/8        EV: 11    Int: 14    God:
Gold:   9          SH:  0    Dex: 14    Spells: 13/14 levels left

rFire    . . .     SeeInvis .   b - +0 short sword
rCold    . . .     Gourm    .   (no shield)
rNeg     . . .     Faith    .   c - +0 robe
rPois    .         Spirit   .   (no helmet)
rElec    .         Reflect  .   (no cloak)
rCorr    .         Harm     .   (no gloves)
MR       .....                  (no boots)
Stlth    ++........             (no amulet)
HPRegen  0.04/turn              (no ring)
MPRegen  0.11/turn              (no ring)

@: no status effects
A: distributed training, fangs 1, strong nose
a: no special abilities


You were on level 1 of the Dungeon.
You were not hungry.

You visited 1 branch of the dungeon, and saw 1 of its levels.

You collected 9 gold pieces.

Inventory:

Hand Weapons
 b - a +0 short sword (weapon)
Armour
 c - a +0 robe (worn)
Scrolls
 e - a scroll of teleportation {unknown}
Potions
 d - a potion of curing {unknown}
Comestibles
 a - a chunk of flesh
 f - 2 rations


   Skills:
 + Level 0.0 Fighting
 + Level 0.0 Short Blades
 + Level 0.0 Long Blades
 + Level 0.0 Axes
 + Level 0.0 Maces & Flails
 + Level 0.0 Polearms
 + Level 0.0 Staves
 + Level 0.0 Slings
 + Level 0.0 Bows
 + Level 0.0 Crossbows
 + Level 2.3 Throwing
 + Level 0.0 Armour
 + Level 0.0 Dodging
 + Level 2.1 Stealth
 + Level 0.0 Shields
 + Level 0.0 Unarmed Combat
 + Level 7.0 Spellcasting
 + Level 0.0 Conjurations
 + Level 0.0 Hexes
 + Level 1.9 Charms
 + Level 0.0 Summonings
 + Level 0.0 Necromancy
 + Level 0.0 Translocations
 + Level 0.0 Transmutations
 + Level 5.3 Fire Magic
 + Level 0.0 Ice Magic
 + Level 0.0 Air Magic
 + Level 1.9 Earth Magic
 + Level 0.0 Poison Magic
 + Level 0.1 Invocations
 + Level 0.0 Evocations


You had 13 spell levels left.
You knew the following spells:

 Your Spells              Type           Power        Failure   Level  Hunger
a - Foxfire               Conj/Fire      ##..         4%          1    None

Your spell library contained the following spells:

 Spells                   Type           Power        Failure   Level  Hunger
 Swiftness                Chrm/Air       #.......     14%         2    #......
 Conjure Flame            Conj/Fire      ##......     14%         3    ##.....
 Inner Flame              Hex/Fire       ##......     14%         3    ##.....
 Poisonous Vapours        Pois/Air       #.....       22%         2    #......
 Sticky Flame             Conj/Fire      ##......     43%         4    ####...
 Fireball                 Conj/Fire      ##........   78%         5    ######.


Dungeon Overview and Level Annotations

Branches:
Dungeon (1/15)

Altars:


Innate Abilities, Weirdness & Mutations

Your experience applies equally to all skills.
You have very sharp teeth.
Your uncanny sense of smell can sniff out nearby items.


Message History

Found 30 stones.
A goblin comes into view. It is wielding a +0 club.
Found a stone staircase leading down.
The goblin hits you with a +0 club.
You are too injured to fight recklessly!
You are too injured to fight recklessly!
Casting: Foxfire (safe; 4% risk of failure)
Confirm with . or Enter, or press ? or * to list all spells.
You conjure some foxfire!
The goblin hits you with a +0 club.
* * * LOW HITPOINT WARNING * * *
Firing (i - inventory) No suitable missiles.
Press: ? - help, Shift-Dir - straight line
Okay, then.
Your foxfire dissipates!
The foxfire hits the goblin.
The goblin is heavily wounded.
You closely miss the goblin. You bite the goblin, but do no damage.
The goblin is heavily wounded.
The goblin hits you with a +0 club.
You die...

..# #.# #.# #.# #.#
#.# #######.########
.......g.......#
.>.....@..(....#
.###!##..#.###.#######
#. #..#.# #.......# #
#....# #.#####.#
##.#.# #.# #.#
#.#.###.#####.#
#..........##.#
###..##.##.##.###
#..##.##.##....


You could see a goblin.

Vanquished Creatures
  A hobgoblin (D:1)
  A ball python (D:1)
  A kobold (D:1)
3 creatures vanquished.

Vanquished Creatures (others)
  3 foxfires (D:1)
3 creatures vanquished.

Grand Total: 6 creatures vanquished

Notes
Turn   | Place    | Note
-------+----------+-------------------------------------------
     0 | D:1      | RedPan the Gnoll Wanderer began the quest for the Orb.
     0 | D:1      | RedPan set off with the following items: a +0 club, a +0
                  | robe, a ration; and the following spell memorised: Foxfire;
                  | and the following spells available to memorise: Swiftness,
                  | Conjure Flame, Inner Flame, Poisonous Vapours, Sticky
                  | Flame, Fireball
     0 | D:1      | Reached XP level 1. HP: 13/13 MP: 8/8
   164 | D:1      | Slain by a goblin

Levels and vault maps discovered:
D:1:      mainiacjoe_arrival_reflecting_pool, layout_loops_ring

Action                   || total
-------------------------++-------
Melee: Short sword       ||     4
       Club              ||     1
       Bite              ||     1
 Cast: Foxfire           ||     2
Armor: Robe              ||     1

Table legend:
 A = Non-vault XP
 B = Vault XP
 C = Vault XP percentage of total XP
 D = Non-vault monster count
 E = Vault monster count
 F = Vault count percentage of total count
                 A         B        C        D         E       F
            +---------+---------+-------+---------+---------+-------
      Total |       4 |       0 |   0.0 |       3 |       0 |   0.0
            +---------+---------+-------+---------+---------+-------
        D:1 |       4 |       0 |   0.0 |       3 |       0 |   0.0
            +---------+---------+-------+---------+---------+-------
